 Dungeon Crawl Stone Soup version 0.30-a0-860-g512cf1e979 (webtiles) character file.

Game seed: 14494994823775068584

9 jasper the Sneak (level 2, 0/24 HPs)
             Began as a Demonspawn Delver on Mar 7, 2023.
             Slain by a jackal (1 damage)
             ... on level 3 of the Dungeon.
             The game lasted 00:00:41 (267 turns).

jasper the Sneak (Demonspawn Delver)                 Turns: 267, Time: 00:00:41

Health: 0/24       AC:  3    Str: 12    XL:     2   Next: 6%
Magic:  2/2        EV: 11    Int: 11    God:
Gold:   0          SH:  0    Dex: 14    Spells: 1/1 levels left

rFire   . . .      SeeInvis .    a - +0 hand axe
rCold   . . .      Faith    .    (no shield)
rNeg    . . .      Spirit   .    b - +0 leather armour
rPois   .          Reflect  .    (no helmet)
rElec   .          Rampage  .    (no cloak)
rCorr   .                        (no gloves)
Will    .....                    (no boots)
Stlth   ++                       (no amulet)
HPRegen 0.24/turn                (no ring)
MPRegen 0.08/turn                (no ring)

@: no status effects
A: demonic magic 1
a: no special abilities


You were on level 3 of the Dungeon.
You visited 1 branch of the dungeon, and saw 3 of its levels.

Inventory:

Hand Weapons
 a - a +0 hand axe (weapon)
Missiles
 i - 4 stones (quivered)
Armour
 b - a +0 leather armour (worn)
Wands
 g - a wand of digging (3)
Scrolls
 c - a scroll of fog
 d - a scroll of magic mapping
 e - a scroll of fear
 h - a scroll of teleportation {unknown}
Potions
 f - a potion of haste
 j - 2 potions of curing {unknown}


   Skills:
 + Level 3.1 Fighting
 * Level 2.1 Axes
 + Level 0.4 Armour
 + Level 1.9 Dodging
 - Level 4.5 Stealth


You had one spell level left.
You didn't know any spells.
Your spell library was empty.

Dungeon Overview and Level Annotations

Branches:
Dungeon (5/15)
 Temple: D:4-7

Altars:


Innate Abilities, Weirdness & Mutations

Spells you cast may paralyse adjacent enemies.


Message History

The jackal bites you but does no damage.
The jackal bites you. The orc closely misses you. The jackal bites you. x2
You take 3 damage, and have 14/18 hp.
You closely miss the orc.
The orc is lightly wounded.
You hit the jackal.
You kill the jackal!
You barely miss the jackal. The orc hits you with a +0 flail!
You take 8 damage, and have 6/18 hp.
MASSIVE DAMAGE!!
You hit the orc.
The orc is heavily wounded.
You hit the jackal.
The jackal bites you but does no damage.
The orc hits you with a +0 flail.
* * * LOW HITPOINT WARNING * * *
The jackal closely misses you.
The jackal bites you but does no damage.
You take 3 damage, and have 3/18 hp.
You slash the orc!
You kill the orc!
You miss the jackal. You closely miss the jackal. The jackal misses you.
The jackal bites you.
* * * LOW HITPOINT WARNING * * *
The jackal closely misses you.
The jackal bites you but does no damage.
You have reached level 2!
Your demonic ancestry asserts itself...
A menacing aura infuses your magic.
MP restored: 2 You barely miss the jackal.
The jackal is almost dead.
You barely miss the jackal.
The jackal bites you but does no damage.
The jackal closely misses you.
You closely miss the jackal.
The jackal is almost dead.
You barely miss the jackal.
The jackal misses you. x2; The jackal bites you.
* * * LOW HITPOINT WARNING * * *
The jackal bites you.
You die...

. ### #.
.. .. #.##
#.##..#
###...#.##
#......hh#
+......)@#
#....#####
#.h. ...
..


h You could see 2 jackals.

Vanquished Creatures
  A dart slug (D:4)
  2 orcs
  A hobgoblin (D:4)
  A jackal (D:3)
5 creatures vanquished.

Notes
Turn   | Place    | Note
-------+----------+-------------------------------------------
     0 | D:5      | jasper the Demonspawn Delver began the quest for the Orb.
     0 | D:5      | Reached XP level 1. HP: 18/18 MP: 1/1
   266 | D:3      | Gained mutation: Spells you cast may paralyse adjacent
                  | enemies. [demonic ancestry]
   266 | D:3      | Reached XP level 2. HP: 3/24 MP: 2/2
   267 | D:3      | HP: 1/24 [jackal (3)]
   267 | D:3      | Slain by a jackal

Illustrated notes

Levels and vault maps discovered:
D:3:      layout_basic, mainiacjoe_overflow_alcove_1,
          shapermc_ecumenical_altar_mp_vishouse, uniq_natasha, uniq_robin,
          uniq_grinder
D:4:      layout_basic, hangedman_decor_lopped
D:5:      layout_basic, kennysheep_diamond, kennysheep_flooded_box,
          serial_park_tiny_2

Skill      XL: |  1 |
---------------+----+-----
Axes           | 2 |  2.1
Fighting       | |  3.1
Armour         | |  0.4
Dodging        | |  1.9
Stealth        | |  4.5

Action                     || total
---------------------------++-------
  Melee: Hand axe          ||    21
  Throw: Stone             ||     1
   Stab: Sleeping          ||     1
 Armour: Leather armour    ||     9
  Dodge: Dodged            ||    16

Table legend: (Time is in decaauts)
 A = Elapsed time spent in this place.
 B = Non-inter-level travel time spent in this place.
 C = Inter-level travel time spent in this place.
 D = Time resting spent in this place.
 E = Time spent auto-exploring this place.
 F = Levels seen in this place.
 G = Mean time per level.
                   A        B        C        D        E       F      G
               +--------+--------+--------+--------+--------+-----+--------+
         Total |    270 |    270 |      0 |    133 |      9 |   3 |   90.0 |
       Dungeon |    270 |    270 |      0 |    133 |      9 |   3 |   90.0 |
               +--------+--------+--------+--------+--------+-----+--------+

Top non-repeatable levels by time:
     D:4: 221 daAuts
     D:5: 32 daAuts
     D:3: 17 daAuts
